cohdb
Replays
Latest Replays
All Replays
Popular Replays
Top Player Replays
Match Explorer
How It Works
Community
CoH3 Stats
Reddit
Sign in to upload your games and track your stats! →
Sign in with Steam
Match 41620641
Unlisted
Match 41620641
Overview
Messages
Build Orders
End
Vickers Machine Gun Team
Construct Section Command Post
Infantry Section
Infantry Section
ML 3-inch Mortar Team
Infantry Section
Construct Platoon Command Post
6-pounder Anti-tank Gun Team
Infantry Training
Construct Field Infirmary
Construct Company Command Post
Crusader II Medium Tank
Crusader II Medium Tank
Royal Engineer Section
Crusader II Medium Tank
Selects Heavy Armor Battlegroup
Selects Light Vehicle Withdraw and Refit
Selects Radio Net
Selects Recon Artillery
The Fresh Prince
TheKingOfGoats
Vlambulance-YouTube
jhc0928d
juand400
.
はちみつレモン
김문상
0
0
Comments
sign in to comment!
No comments posted yet!